 Dungeon Crawl Stone Soup version 0.26-a0-1033-gd598b01645 (webtiles) character file.

Game seed: 15832169751936617284

57 karlulla the Conjurer (level 4, -1/34 HPs)
             Began as a Gnoll Wanderer on Dec 10, 2020.
             Slain by a hobgoblin
             ... wielding a +0 club
              (4 damage)
             ... on level 2 of the Dungeon.
             The game lasted 00:05:20 (1149 turns).

karlulla the Conjurer (Gnoll Wanderer)              Turns: 1149, Time: 00:05:20

Health: -1/34      AC: 13    Str: 15    XL:     4   Next: 0%
Magic:  8/8        EV:  4    Int: 14    God:
Gold:   6          SH:  0    Dex: 15    Spells: 8/8 levels left

rFire    + . .     SeeInvis .   j - +0 club
rCold    . . .     Faith    .   (no shield)
rNeg     . . .     Spirit   .   h - +0 plate armour
rPois    .         Reflect  .   (no helmet)
rElec    .         Harm     .   f - +1 cloak
rCorr    .         Rampage  .   (no gloves)
Will     .....                  (no boots)
Stlth    ..........             (no amulet)
HPRegen  0.11/turn              m - ring of protection from fire
MPRegen  0.11/turn              (no ring)

@: no status effects
A: distributed training, fangs 1, strong nose
a: no special abilities


You were on level 2 of the Dungeon.
You visited 1 branch of the dungeon, and saw 2 of its levels.

You collected 6 gold pieces.

Inventory:

Hand Weapons
 a - a +0 dagger
 j - a +0 club (weapon)
Missiles
 l - 7 atropa-tipped darts (quivered)
Armour
 c - a +0 ring mail
 f - a +1 cloak (worn)
 h - a +0 plate armour (worn)
Jewellery
 m - a ring of protection from fire (left hand)
Scrolls
 d - a scroll of remove curse {unknown}
 g - a scroll of identify {unknown}
Potions
 b - a potion of might {unknown}
 e - 2 potions of brilliance {unknown}
 i - 3 potions of heal wounds {unknown}
 k - a potion of curing {unknown}


   Skills:
 + Level 2.7 Fighting
 + Level 1.0 Short Blades
 + Level 1.0 Long Blades
 + Level 1.0 Axes
 + Level 2.7 Maces & Flails
 + Level 1.0 Polearms
 + Level 1.0 Staves
 + Level 1.0 Slings
 + Level 1.0 Bows
 + Level 1.0 Crossbows
 + Level 1.0 Throwing
 + Level 2.7 Armour
 + Level 1.0 Dodging
 + Level 2.5 Stealth
 + Level 2.7 Shields
 + Level 1.0 Unarmed Combat
 + Level 2.9 Spellcasting
 + Level 5.4 Conjurations
 + Level 0.7 Hexes
 + Level 2.2 Summonings
 + Level 0.7 Necromancy
 + Level 0.7 Translocations
 + Level 0.7 Transmutations
 + Level 0.7 Fire Magic
 + Level 0.7 Ice Magic
 + Level 0.7 Air Magic
 + Level 0.7 Earth Magic
 + Level 0.7 Poison Magic
 + Level 1.1 Invocations
 + Level 1.0 Evocations


You had 8 spell levels left.
You didn't know any spells.
Your spell library contained the following spells:

 Spells                   Type           Power        Failure   Level
 Magic Dart               Conj           ###.         88%         1
 Searing Ray              Conj           ###...       95%         2
 Corona                   Hex            #......      100%        1
 Dazzling Flash           Conj/Hex       ##....       100%        3
 Fulminant Prism          Conj/Hex       ##........   100%        4
 Iskenderun's Mystic Bla  Conj/Tloc      ##......     100%        4


Dungeon Overview and Level Annotations

Branches:
Dungeon (2/15)

Altars:


Innate Abilities, Weirdness & Mutations

Your experience applies equally to all skills.
You have very sharp teeth.
Your uncanny sense of smell can sniff out nearby items.


Message History

You bite the giant cockroach, but do no damage.
The giant cockroach is severely wounded.
The giant cockroach bites you but does no damage.
The hobgoblin hits you but does no damage.
You hit the giant cockroach.
You kill the giant cockroach!
The hobgoblin hits you but does no damage.
You have reached level 4!
You feel stronger.
The hobgoblin hits you but does no damage.
You barely miss the hobgoblin.
The hobgoblin hits you but does no damage.
You closely miss the hobgoblin.
The hobgoblin hits you but does no damage.
You closely miss the hobgoblin.
The hobgoblin hits you but does no damage.
You hit the hobgoblin.
The hobgoblin is severely wounded.
The hobgoblin hits you with a +0 club.
You die...

#. ...# . ∆ .. ...# ... .#
...## ... ##.# ###.#...
....###..# ##..... .........
....# .....#..#####...#
..........!(...#
###..#.@g.#.#..#####.
........###..........
..##....#####.#####.. ####..#
##.# #.. ##.# #..# ... ###.#
#.####.# ...###......#
#...#......##
################...........##


You could see a hobgoblin.

Vanquished Creatures
  3 adders (D:2)
  3 dart slugs (D:1)
  A leopard gecko (D:2)
  2 bats
  3 giant cockroaches
  2 goblins
  4 hobgoblins (D:1)
  A kobold (D:2)
  2 frilled lizards (D:1)
  3 rats (D:1)
24 creatures vanquished.

Notes
Turn   | Place    | Note
-------+----------+-------------------------------------------
     0 | D:1      | karlulla the Gnoll Wanderer began the quest for the Orb.
     0 | D:1      | karlulla set off with the following items: a +0 dagger, a
                  | +0 ring mail; and the following spells available to
                  | memorise: Magic Dart, Searing Ray, Corona, Dazzling Flash,
                  | Fulminant Prism, Iskenderun's Mystic Blast
     0 | D:1      | Reached XP level 1. HP: 17/17 MP: 4/4
   227 | D:1      | Reached XP level 2. HP: 22/23 MP: 5/5
   801 | D:2      | Reached XP level 3. HP: 28/28 MP: 7/7
   870 | D:2      | Reached skill level 1 in Invocations
  1116 | D:2      | Reached skill level 1 in Short Blades
  1116 | D:2      | Reached skill level 1 in Long Blades
  1116 | D:2      | Reached skill level 1 in Axes
  1116 | D:2      | Reached skill level 1 in Polearms
  1116 | D:2      | Reached skill level 1 in Staves
  1116 | D:2      | Reached skill level 1 in Slings
  1116 | D:2      | Reached skill level 1 in Bows
  1116 | D:2      | Reached skill level 1 in Crossbows
  1116 | D:2      | Reached skill level 1 in Throwing
  1116 | D:2      | Reached skill level 1 in Dodging
  1116 | D:2      | Reached skill level 1 in Unarmed Combat
  1116 | D:2      | Reached skill level 1 in Evocations
  1145 | D:2      | Reached XP level 4. HP: 2/34 MP: 8/8
  1149 | D:2      | Slain by a hobgoblin

Illustrated notes

Levels and vault maps discovered:
D:1:      tarquinn_simple_flora_water_a, layout_loops_ring
D:2:      layout_rooms, lemuel_crystal_altar, nrook_uturn

Skill      XL: |  1  2  3 |
---------------+----------+-----
Summonings     | 2 |  2.2
Invocations    | 1 |  1.1
Short Blades   | 1 |  1.0
Long Blades    | 1 |  1.0
Axes           | 1 |  1.0
Polearms       | 1 |  1.0
Staves         | 1 |  1.0
Slings         | 1 |  1.0
Bows           | 1 |  1.0
Crossbows      | 1 |  1.0
Throwing       | 1 |  1.0
Dodging        | 1 |  1.0
Unarmed Combat | 1 |  1.0
Evocations     | 1 |  1.0
Fighting       | |  2.7
Maces & Flails | |  2.7
Armour         | |  2.7
Stealth        | |  2.5
Shields        | |  2.7
Spellcasting   | |  2.9
Conjurations   | |  5.4
Hexes          | |  0.7
Necromancy     | |  0.7
Translocations | |  0.7
Transmutations | |  0.7
Fire Magic     | |  0.7
Ice Magic      | |  0.7
Air Magic      | |  0.7
Earth Magic    | |  0.7
Poison Magic   | |  0.7

Action                   |  1- 3 |  4- 6 || total
-------------------------+-------+-------++-------
Melee: Dagger            |    78 |       ||    78
       Bite              |    15 |       ||    15
       Club              |    71 |     4 ||    75
 Stab: Sleeping          |     1 |       ||     1
Armor: Ring mail         |    13 |       ||    13
       Plate armour      |   104 |     4 ||   108
Dodge: Dodged            |    47 |       ||    47

Table legend: (Time is in decaauts)
 A = Elapsed time spent in this place.
 B = Non-inter-level travel time spent in this place.
 C = Inter-level travel time spent in this place.
 D = Time resting spent in this place.
 E = Time spent auto-exploring this place.
 F = Levels seen in this place.
 G = Mean time per level.
                   A        B        C        D        E       F      G
               +--------+--------+--------+--------+--------+-----+--------+
         Total |   1160 |   1160 |      0 |     93 |    525 |   2 |  580.0 |
       Dungeon |   1160 |   1160 |      0 |     93 |    525 |   2 |  580.0 |
               +--------+--------+--------+--------+--------+-----+--------+

Top non-repeatable levels by time:
     D:1: 794 daAuts
     D:2: 366 daAuts
